 Dungeon Crawl Stone Soup version bcrawl-1.27.5 (console) character file.

Game seed: 12956288852997922603

284179 FIQ the Ruffian (level 8, 0/78 HPs)
             Began as a Troll Archaeologist on Aug 15, 2020.
             Was a Priest of Elyvilon.
             Slain by a komodo dragon (11 damage)
             ... on level 7 of the Dungeon.
             The game lasted 00:09:03 (5016 turns).

FIQ the Ruffian (Troll Archaeologist)               Turns: 5016, Time: 00:09:04

Health: 0/78       AC: 14    Str: 24      XL:     8   Next: 85%
Magic:  9/9        EV: 11    Int: 14 (15) God:    Elyvilon [***...]
Gold:   453        SH:  0    Dex:  9 (10) Spells: 7/7 levels left

rFire    . . .     SeeInvis .     - Claws (23.2)
rCold    . . .     Gourm    +   (no shield)
rNeg     . . .     Faith    .   (armour unavailable)
rPois    .         Spirit   .   b - +1 hat
rElec    .         Reflect  .   d - +1 cloak of Death's Door {Str+2}
rCorr    .         Harm     .   (gloves unavailable)
MR       .....                  (boots unavailable)
Stlth    ++........             g - amulet of magic regeneration
HPRegen  0.63/turn              j - +4 ring of protection
MPRegen  0.36/turn              B - +6 ring of intelligence

@: no status effects
A: large, almost no armour, claws 3, agile 1, dopey 1, fast metabolism 3,
gourmand, regeneration 1, AC +7
a: Lesser Healing, Heal Other, Purification, Divine Protection, Renounce
Religion


You were on level 7 of the Dungeon.
You worshipped Elyvilon.
Elyvilon was most pleased with you.
You were completely stuffed.

You visited 1 branch of the dungeon, and saw 7 of its levels.

You collected 453 gold pieces.

Inventory:

Hand Weapons
 a - a +0 whip
Armour
 b - a +1 hat (worn)
 d - the +1 cloak of Death's Door (worn) {Str+2}
   (You acquired it on level 3 of the Dungeon)

   It affects your strength (+2).
Jewellery
 g - an amulet of magic regeneration (around neck)
 j - a +4 ring of protection (left claw)
 B - a +6 ring of intelligence (right claw)
Wands
 k - a wand of polymorph (9)
 q - a wand of digging (11)
 w - a wand of enslavement (11)
Scrolls
 c - 3 scrolls of magic mapping
 f - 2 scrolls of remove curse {unknown}
 i - 3 scrolls of teleportation {unknown}
 n - 3 scrolls of amnesia {unknown}
 o - a scroll of enchant armour {unknown}
 p - a scroll of blinking {unknown}
 v - 2 scrolls of identify
 x - 2 scrolls of noise {unknown}
 y - a scroll of immolation
Potions
 h - a potion of curing
 l - a potion of invisibility
 m - 2 potions of heal wounds
 s - a potion of flight
 u - a potion of lignification
Comestibles
 e - 12 rations {!d}
 A - a chunk of flesh


   Skills:
 + Level 4.2 Fighting
 - Level 2.4 Maces & Flails
 + Level 4.8 Dodging
 - Level 1.7 Stealth
 * Level 6.7 Unarmed Combat
 + Level 3.6 Evocations


You had 7 spell levels left.
You didn't know any spells.
Your spell library contained the following spells:

 Spells                   Type           Power        Failure   Level  Hunger
 Beastly Appendage        Tmut           #.....       28%         1    None
 Passwall                 Tmut/Erth      #.......     41%         2    ####...
 Sticks to Snakes         Tmut           #.......     41%         2    ####...
 Spider Form              Tmut/Pois      #..          65%         3    #####..
 Ice Form                 Ice/Tmut       #.......     96%         4    ######.
 Blade Hands              Tmut           #.........   100%        5    #######


Dungeon Overview and Level Annotations

Branches:
Dungeon (7/12)               Lair (0/6) D:7
 Temple: D:4-7

Altars:
Cheibriados
Elyvilon
Gozag
Makhleb
Nemelex Xobeh
Uskayaw
Zin

Shops:
D:4 %   D:5 *


Innate Abilities, Weirdness & Mutations

You cannot wear most types of armour.
Your thick skin is tough. (AC +7)
You are too large for most types of armour.
You have claws for hands.
Your metabolism is lightning-fast.
You like to eat raw meat.
Your natural rate of healing is unusually fast.
You are agile. (Dex +2)
You are dopey. (Int -2)


Message History

You barely miss the komodo dragon. Your claw misses the komodo dragon.
The komodo dragon is moderately wounded.
The komodo dragon misses you.
You closely miss the komodo dragon. Your claw misses the komodo dragon.
The komodo dragon is moderately wounded.
The komodo dragon hisses menacingly.
The komodo dragon bites you!
You barely miss the komodo dragon.
The komodo dragon is moderately wounded.
You scratch the komodo dragon.
The komodo dragon is moderately wounded.
The komodo dragon bites you!!
You barely miss the komodo dragon.
The komodo dragon is moderately wounded.
The komodo dragon bites you!!
* * * LOW HITPOINT WARNING * * *
You claw the komodo dragon!
The komodo dragon is heavily wounded.
The komodo dragon bites you!
You die...

#....<>...#
#.........#
#......########
#......##PPPPP##
#####.##..PPPPP#
#.##..P...P#
#.#.PPP.>.P#
#....P...PP#
#.....PPPPP#
#.#.Pl.PPPP#
#.#..@.PPPP#
#.##....PPP#
..##.....PP#
#####....P##
##...## #......
######


You could see a komodo dragon.

Vanquished Creatures
  The ghost of Quickbrownfox the Cudgeler, a novice DsAc of Okawaru (D:6)
  Grinder (D:5)
  Menkaure (D:5)
  2 sky beasts
  An ogre (D:4)
  2 black bears
  A centaur (D:6)
  Blork the orc (D:6)
  A water moccasin skeleton (D:5)
  2 crimson imps
  A hound (D:5)
  A centaur skeleton (D:5)
  An orc wizard (D:5)
  Ijyb (D:5)
  4 worker ants
  A killer bee zombie (D:6)
  A hound skeleton (D:4)
  5 adders
  2 shadow imps
  An ooze (D:5)
  An adder skeleton (D:4)
  3 worms
  3 dart slugs (D:2)
  4 leopard geckos
  14 orcs
  A giant cockroach (D:2)
  7 goblins
  6 hobgoblins
  9 jackals
  4 kobolds
  A ball python (D:6)
  7 bats
  4 frilled lizards
  6 rats
101 creatures vanquished.

Vanquished Creatures (others)
  A plant (D:7)
1 creature vanquished.

Grand Total: 102 creatures vanquished

Notes
Turn   | Place    | Note
-------+----------+-------------------------------------------
     0 | D:1      | FIQ the Troll Archaeologist began the quest for the Orb.
     0 | D:1      | Reached XP level 1. HP: 18/18 MP: 0/0
   119 | D:1      | Reached skill level 1 in Fighting
   145 | D:1      | Reached XP level 2. HP: 11/27 MP: 1/1
   569 | D:2      | Reached XP level 3. HP: 33/33 MP: 2/2
  1280 | D:2      | Reached skill level 1 in Evocations
  1503 | D:3      | Gained mutation: Your natural rate of healing is unusually
                  | fast. [Troll growth]
  1503 | D:3      | Reached XP level 4. HP: 40/41 MP: 3/3
  1523 | D:3      | Noticed a sky beast
  1565 | D:3      | Killed a sky beast
  1565 | D:3      | Reached skill level 1 in Unarmed Combat
  1565 | D:3      | Reached XP level 5. HP: 47/49 MP: 3/5
  1565 | D:3      | Identified a scroll of acquirement
  1566 | D:3      | Identified the +1 cloak of Death's Door {Str+2} (You
                  | acquired it on level 3 of the Dungeon)
  1566 | D:3      | Identified the amulet of Jasef {Gourm +Blink Dex+4} (You
                  | acquired it on level 3 of the Dungeon)
  1651 | D:3      | Reached skill level 2 in Unarmed Combat
  1692 | D:3      | Found a snail-covered altar of Cheibriados.
  2177 | D:3      | Noticed an angel
  2178 | D:3      | Found a glowing silver altar of Zin.
  2234 | D:4      | Noticed an ogre
  2324 | D:4      | Killed an ogre
  2324 | D:4      | Reached skill level 3 in Unarmed Combat
  2324 | D:4      | Reached XP level 6. HP: 20/58 MP: 6/6
  2378 | D:4      | Found Guolim's Food Shoppe.
  2494 | D:4      | Found a white marble altar of Elyvilon.
  2502 | D:4      | Became a worshipper of Elyvilon the Healer
  2741 | D:4      | Found a sparkling altar of Nemelex Xobeh.
  3005 | D:5      | Entered Level 5 of the Dungeon
  3039 | D:5      | Reached XP level 7. HP: 66/66 MP: 7/7
  3078 | D:5      | Noticed Ijyb
  3102 | D:5      | Killed Ijyb
  3135 | D:5      | Found Bymi's General Store.
  3154 | D:5      | Reached skill level 4 in Unarmed Combat
  3164 | D:5      | Reached * piety under Elyvilon
  3577 | D:5      | Noticed Menkaure
  3586 | D:5      | Killed Menkaure
  3641 | D:5      | Noticed Grinder
  3641 | D:5      | Paralysed by Grinder for 3 turns
  3648 | D:5      | Found an opulent altar of Gozag.
  3660 | D:5      | Killed Grinder
  3660 | D:5      | Reached skill level 5 in Unarmed Combat
  3660 | D:5      | Reached XP level 8. HP: 58/75 MP: 7/9
  3854 | D:6      | Found a hide-covered altar of Uskayaw.
  3902 | D:6      | Reached ** piety under Elyvilon
  4086 | D:6      | Found a runed translucent door.
  4087 | D:6      | Noticed Quickbrownfox's ghost (novice DsAc)
  4385 | D:6      | Found a burning altar of Makhleb.
  4430 | D:6      | Noticed Blork the orc
  4440 | D:6      | Killed Blork the orc
  4801 | D:6      | Killed Quickbrownfox's ghost
  4801 | D:6      | Reached skill level 6 in Unarmed Combat
  4821 | D:6      | Gained mutation: You are dopey. (Int -2) [potion of
                  | mutation]
  4821 | D:6      | Gained mutation: You are agile. (Dex +2) [potion of
                  | mutation]
  4992 | D:7      | Reached *** piety under Elyvilon
  4995 | D:7      | Found a staircase to the Lair.
  4995 | D:7      | Noticed a komodo dragon
  5016 | D:7      | Slain by a komodo dragon

Skill      XL: |  1  2  3  4  5  6  7  8 |
---------------+-------------------------+-----
Fighting       | 1 2 3 4 |  4.2
Maces & Flails | 2 |  2.4
Evocations     | 1 2 3 |  3.6
Dodging        | 3 4 |  4.8
Unarmed Combat | 1 3 5 6 |  6.7
Stealth        | |  1.7

Action                   |  1- 3 |  4- 6 |  7- 9 || total
-------------------------+-------+-------+-------++-------
Melee: Whip              |   177 |       |       ||   177
       Unarmed           |    20 |   129 |   160 ||   309
       Punch             |       |       |     3 ||     3
  Use: Potion            |     3 |     1 |     7 ||    11
       Scroll            |     1 |     1 |       ||     2
 Stab: Sleeping          |     5 |     3 |     1 ||     9
  Eat: Chunk             |    16 |    13 |    18 ||    47
Armor: Skin              |   117 |    76 |    77 ||   270
Dodge: Dodged            |   127 |    47 |    64 ||   238
